 Dungeon Crawl Stone Soup version 0.30.0 (webtiles) character file.

Game seed: 3886135326383385492

9580 Jarnaxa the Carver (level 11, -13/145 HPs)
             Began as a Minotaur Fighter on May 6, 2023.
             Was a High Priest of Qazlal.
             Mangled by Urug
             ... wielding a +4 eveningstar
              (31 damage)
             ... on level 10 of the Dungeon.
             The game lasted 00:29:44 (11059 turns).

Jarnaxa the Carver (Minotaur Fighter)              Turns: 11059, Time: 00:29:45

Health: -13/145    AC: 21    Str: 24    XL:     11   Next: 24%
Magic:  12/12      EV: 10    Int:  5    God:    Qazlal [*****.]
Gold:   1542       SH: 19    Dex: 11    Spells: 10/10 levels left

rFire   + + .        M - +5 falchion "Negat" {vamp, rElec rF+}
rCold   . . .        h - +2 kite shield
rNeg    . . .        A - +3 chain mail {rF+}
rPois   .            (helmet restricted)
rElec   +            I - +0 cloak
rCorr   .            c - +1 pair of gloves
SInv    .            (no boots)
Will    .....        (no amulet) Stlth
                     (no ring)
HPRegen 0.44/turn    (no ring)
MPRegen 0.13/turn

%: repel missiles
@: berserking, protected from physical damage, very quick
A: horns 2, retaliatory headbutt
a: Renounce Religion, Upheaval, Elemental Force, Disaster Area


You were on level 10 of the Dungeon.
You worshipped Qazlal.
Qazlal was extremely pleased with you.
You visited 2 branches of the dungeon, and saw 11 of its levels.
You also visited: Ossuary and Bailey.

You collected 1542 gold pieces.

Inventory:

Hand Weapons
 a - a +2 long sword of electrocution
 M - the +5 falchion "Negat" (weapon) {vamp, rElec rF+}
   (You found it on level 9 of the Dungeon)

   rF:        It protects you from fire.
   rElec:     It insulates you from electricity.
Missiles
 j - 5 silver javelins (quivered)
 K - 3 throwing nets
Armour
 c - a +1 pair of gloves (worn)
 h - a +2 kite shield (worn)
 q - a +1 ring mail of cold resistance
 A - a +3 chain mail of fire resistance (worn)
 I - a +0 cloak (worn)
Jewellery
 d - a ring of ice
 z - a ring of Divaleacveg {rC+ rN+ Str-3 Dex+5}
   (You found it in a bailey)

   [ring of protection from cold]

   Str:       It affects your strength (-3).
   Dex:       It affects your dexterity (+5).
   rC:        It protects you from cold.
   rN:        It protects you from negative energy.
 B - a ring of positive energy
 D - a +6 ring of intelligence
 O - a ring of resist corrosion
 Q - an amulet of magic regeneration
Wands
 l - a wand of digging (9)
 t - a wand of quicksilver (8)
 u - a wand of polymorph (20)
 J - a wand of charming (10)
 N - a wand of flame (13)
Scrolls
 b - a scroll of brand weapon
 f - 3 scrolls of teleportation
 k - a scroll of magic mapping
 p - 4 scrolls of vulnerability
 x - 2 scrolls of blinking
 y - a scroll of fear
 E - a scroll of enchant weapon
 F - 2 scrolls of enchant armour
 G - a scroll of fog
 L - 7 scrolls of identify
Potions
 e - 2 potions of cancellation
 g - 2 potions of heal wounds
 i - a potion of berserk rage
 m - 7 potions of flight
 n - 4 potions of haste
 o - a potion of might
 r - 11 potions of curing
 s - a potion of degeneration {unknown}
 v - 4 potions of brilliance
 w - 2 potions of resistance {unknown}
 C - a potion of invisibility {unknown}
 H - 2 potions of ambrosia {unknown}
 P - a potion of lignification {unknown}


   Skills:
 * Level 9.6 Fighting
 + Level 12.0 Long Blades
 + Level 9.5 Armour
 + Level 5.7 Dodging
 + Level 1.9 Stealth
 + Level 10.1 Shields
 + Level 0.2 Unarmed Combat
 * Level 3.0 Invocations
 + Level 0.5 Evocations


You had 10 spell levels left.
You didn't know any spells.
Your spell library contained the following spells:

 Spells                   Type           Power      Damage    Failure   Level
 Necrotise                Necr           0%         1d4       99%         1
 Cigotuvi's Dreadful Rot  Necr/Pois/Air  0%         N/A       99%         2
 Static Discharge         Conj/Air       0%         2-2/arc   99%         2
 Ignite Poison            Fire/Tmut/Pois 0%         N/A       100%        3
 Vampiric Draining        Necr           0%         2d6       100%        3
 Airstrike                Air            0%         2d(0-16)  100%        4
 Summon Lightning Spire   Summ/Air       0%         N/A       100%        4
 Agony                    Necr           0%         N/A       100%        5
 Freezing Cloud           Conj/Ice/Air   0%         6-21      100%        5


Dungeon Overview and Level Annotations

Branches:
Dungeon (10/15)            Temple (1/1) D:5            Lair (0/5) D:8
Ossuary (visited)          Bailey (visited)
    Orc: D:9-12

Altars:
Ashenzari
Cheibriados
Dithmenos
Elyvilon
Fedhas
Gozag
Hepliaklqana
Kikubaaqudgha
Makhleb
Nemelex Xobeh
Okawaru
Qazlal
Ru
Sif Muna
Trog
Uskayaw
Vehumet
Wu Jian
Xom
Yredelemnul
The Shining One

Shops:
D:1 (   D:3 :   D:5 *   D:10 :

Portals:
Trove: D:10 (give +5 demon whip)

Annotations:
D:10 Urug


Innate Abilities, Weirdness & Mutations

You have a pair of horns on your head.
You reflexively headbutt those who attack you in melee.


Message History

Things that are here:
+0 acid dragon scales; an acid dragon corpse
Things that are here:
+0 acid dragon scales; an acid dragon corpse You hear a shout!
Urug the Orcish Ballista comes into view.
She is wielding a +4 eveningstar and wearing a +4 chain mail of fire resistance.
Urug throws a javelin.
The javelin pierces through you!
Urug throws a javelin.
The javelin pierces through you!
Urug drinks a potion.
Urug goes berserk!
You block Urug's attack. Urug hits you with a +4 eveningstar!!
You closely miss Urug. You block Urug's attack.
You slash Urug!
You feel better.
Your headbutt misses Urug.
Urug is lightly wounded.
Urug hits you with a +4 eveningstar!!
* * * LOW HITPOINT WARNING * * *
You feel protected from physical attacks.
You feel much better. Urug hits you with a +4 eveningstar!!
* * * LOW HITPOINT WARNING * * *
You block Urug's attack.
A red film seems to cover your vision as you go berserk!
You feel yourself moving faster!
You feel mighty! Urug hits you with a +4 eveningstar!
* * * LOW HITPOINT WARNING * * *
You feel more protected from physical attacks.
You hit Urug but do no damage.
Urug is lightly wounded.
Urug hits you with a +4 eveningstar!
* * * LOW HITPOINT WARNING * * *
You hit Urug.
You feel better.
You headbutt Urug.
Urug is lightly wounded.
You block Urug's attack.
You hit Urug but do no damage.
Urug is lightly wounded.
You hit Urug. Your headbutt misses Urug.
Urug is lightly wounded.
You block Urug's attack.
You hit Urug but do no damage. You headbutt Urug.
Urug is lightly wounded.
Urug hits you with a +4 eveningstar!!
You die...

...# ...# ####### ...#
#..[..# #. ...# †.....+
#. ...# #.....#### #.#
...# #........#
#.###o..#
#........####...@.°.#
#..............○..☼.#
#...............°☼..#
#...................#.
#.....................#
#.....................#
######...#####+######...
######...# ###
.....[...#


You could see Urug (berserk).

Vanquished Creatures
  A two-headed ogre (D:9)
  Maggie (D:8)
  A troll (D:9)
  2 hornets (D:9)
  2 shadows
  7 wyverns
  Grum (D:8)
  9 yaks
  A steam dragon (D:5)
  Menkaure (D:5)
  Duvessa (D:5)
  A water moccasin (D:8)
  4 black bears
  An acid dragon (D:10)
  2 sky beasts
  2 orc warriors
  2 ice beasts
  An ogre (D:7)
  3 wolves (D:8)
  5 centaurs
  7 kobold brigands (Bailey)
  3 gnoll sergeants (D:8)
  4 scorpions
  Blork the orc (D:5)
  Dowan (D:5)
  2 howler monkeys
  7 electric eels
  4 jellies
  5 orc priests
  5 gnoll boudas
  14 hounds
  3 sleepcaps
  Jessica (D:2)
  3 iguanas
  Ijyb (D:3)
  8 orc wizards
  A mummy (Ossuary)
  Robin (D:2)
  37 gnolls
  7 adders
  A shadow imp (D:6)
  3 white imps
  An ufetubus (D:7)
  A worm (D:4)
  23 orcs
  2 spectral bats (Ossuary)
  7 ball pythons
  8 endoplasms
  3 giant cockroaches
  12 gnoll zombies (Ossuary)
  19 goblins
  6 hobgoblins
  8 jackals
  3 quokkas
  6 bats
  5 bat simulacra (Ossuary)
  7 frilled lizards
  2 goblin simulacra (Ossuary)
  A goblin zombie (Ossuary)
  4 hobgoblin zombies (Ossuary)
  10 kobolds
  3 kobold simulacra (Ossuary)
  5 kobold zombies (Ossuary)
  8 orc zombies (Ossuary)
  4 rats
  4 rat simulacra (Ossuary)
  5 spectral goblins (Ossuary)
  3 spectral kobolds (Ossuary)
  4 spectral rats (Ossuary)
331 creatures vanquished.

Vanquished Creatures (others)
  An adder (D:5)
  An orc (D:8)
  A bush (D:8)
  6 fungi
  18 plants
27 creatures vanquished.

Grand Total: 358 creatures vanquished

Notes
Turn   | Place    | Note
-------+----------+-------------------------------------------
     0 | D:1      | Jarnaxa the Minotaur Fighter began the quest for the Orb.
     0 | D:1      | Reached XP level 1. HP: 19/19 MP: 0/0
   103 | D:1      | Found Qafiudd's Weapon Emporium.
   231 | D:1      | Reached XP level 2. HP: 27/27 MP: 1/1
   742 | D:2      | Noticed Jessica
   751 | D:2      | Killed Jessica
   752 | D:2      | Reached XP level 3. HP: 7/33 MP: 2/2
   908 | D:2      | Noticed Robin
   930 | D:2      | Reached skill level 3 in Long Blades
   937 | D:2      | Killed Robin
   938 | D:2      | Reached XP level 4. HP: 13/40 MP: 3/3
  1368 | D:2      | Reached skill level 1 in Dodging
  1877 | D:3      | Reached skill level 5 in Armour
  1877 | D:3      | Reached XP level 5. HP: 41/46 MP: 4/4
  1884 | D:3      | Reached skill level 4 in Long Blades
  2242 | D:3      | Noticed Ijyb
  2254 | D:3      | HP: 1/46 [Ijyb/+5 club (9)]
  2257 | D:3      | Killed Ijyb
  2529 | D:3      | Found a blossoming altar of Fedhas.
  2707 | D:3      | Found Hymohare's Book Shop.
  3276 | D:4      | Reached XP level 6. HP: 44/52 MP: 5/5
  3343 | D:4      | Reached skill level 5 in Long Blades
  3446 | D:4      | Found a sacrificial altar of Ru.
  3713 | D:4      | You fall into a shaft and drop 2 floors!
  4084 | D:5      | Entered Level 5 of the Dungeon
  4090 | D:5      | Reached XP level 7. HP: 56/60 MP: 6/6
  4096 | D:5      | Reached skill level 6 in Long Blades
  4357 | D:5      | Found Ceesuizeg's Lightly-Used Armoury.
  4362 | D:5      | Noticed Menkaure
  4363 | D:5      | Noticed Blork the orc
  4364 | D:5      | Killed Menkaure
  4375 | D:5      | Killed Blork the orc
  4376 | D:5      | Reached skill level 5 in Fighting
  4460 | D:5      | Found a staircase to the Ecumenical Temple.
  4569 | D:5      | Reached skill level 7 in Long Blades
  4569 | D:5      | Reached skill level 1 in Stealth
  4569 | D:5      | Reached XP level 8. HP: 68/68 MP: 7/7
  4839 | D:6      | Reached skill level 5 in Shields
  5126 | D:6      | Identified the +4 hand axe of Unreason {freeze, +Blink
                  | Int+3}
  5246 | D:6      | Found a sparkling altar of Nemelex Xobeh.
  5357 | D:6      | Identified the +7 sling "Foxycs" {freeze, rC+ Dex+3}
  5744 | Temple   | Entered the Ecumenical Temple
  5780 | Temple   | Became a worshipper of Qazlal Stormbringer
  5880 | D:5      | Found a broken altar of Ashenzari.
  5941 | D:5      | Reached skill level 8 in Long Blades
  6587 | D:5      | Noticed Dowan
  6596 | D:5      | Killed Dowan
  6606 | D:5      | Noticed Duvessa
  6613 | D:5      | Killed Duvessa
  6718 | D:5      | Found a hide-covered altar of Uskayaw.
  6954 | D:7      | Found a sand-covered staircase.
  6964 | D:7      | Reached XP level 9. HP: 78/78 MP: 8/8
  6970 | Ossuary  | Entered an ossuary
  7019 | Ossuary  | Reached * piety under Qazlal
  7153 | Ossuary  | Reached ** piety under Qazlal
  7575 | D:7      | Reached skill level 9 in Long Blades
  7584 | D:7      | Found a flagged portal.
  7600 | Bailey   | Entered a bailey
  7617 | Bailey   | Reached *** piety under Qazlal
  7696 | Bailey   | Identified a ring of Divaleacveg {rC+ rN+ Str-3 Dex+5}
  7950 | Bailey   | Found a burning altar of Makhleb.
  8079 | D:7      | Reached skill level 5 in Dodging
  8084 | D:7      | Reached skill level 10 in Long Blades
  8632 | D:8      | Reached **** piety under Qazlal
  8663 | D:8      | Reached XP level 10. HP: 52/88 MP: 9/9
  8870 | D:8      | Reached skill level 11 in Long Blades
  9003 | D:8      | Noticed Maggie
  9014 | D:8      | Killed Maggie
  9118 | D:8      | Found a staircase to the Lair.
  9188 | D:8      | Reached skill level 1 in Invocations
  9323 | D:8      | Noticed Grum
  9330 | D:8      | Killed Grum
  9334 | D:8      | Reached ***** piety under Qazlal
  9637 | D:8      | Found a bloodstained altar of Trog.
 10040 | D:9      | Identified the +5 falchion "Negat" {vamp, rElec rF+}
 10044 | D:9      | Noticed a two-headed ogre
 10061 | D:9      | Killed a two-headed ogre
 10062 | D:9      | Reached XP level 11. HP: 93/97 MP: 11/11
 10651 | D:9      | Reached skill level 12 in Long Blades
 10651 | D:9      | Reached skill level 10 in Shields
 10662 | D:9      | Found a burning altar of Makhleb.
 10868 | D:10     | Entered Level 10 of the Dungeon
 10877 | D:10     | Found Ushru's Book Emporium.
 10934 | D:10     | Found a portal to a secret trove of treasure.
 11045 | D:10     | Noticed Urug
 11059 | D:10     | Mangled by Urug

Illustrated notes

Levels and vault maps discovered:
D:1:      heliophobic_arrival_ceremonial_halls, layout_loops_ring, serial_shops,
          nicolae_shop_bloodbath_and_beyond
D:2:      layout_basic, uniq_robin, uniq_jessica
D:3:      layout_loops_cross, mainiacjoe_overflow_chevrons, serial_shops,
          nicolae_shop_back_alley_shop, uniq_ijyb
D:4:      layout_basic, mainiacjoe_overflow_paths,
          corexii_item_surrounded_by_moat, dreamdust_princess_bridge
D:5:      layout_cave_pools, lemuel_round_altar, kennysheep_mini_moat,
          minmay_temple_entry_from_below_a, minivault_14, st_stairs_3,
          nrook_pool_corridor, minmay_shop_damaged, uniq_duvessa,
          uniq_blork_the_orc, uniq_menkaure
D:6:      layout_layer_cave, nicolae_overflow_crystal_walls, grunt_ministairs_2,
          minmay_misc_feat_chi
D:7:      layout_basic, nicolae_overflow_hidden_temple,
          nicolae_ossuary_entry_ruins, enter_bailey_4
D:8:      layout_cave_pools, lightli_temple_of_fire, minmay_lair_entry_grove,
          serial_gnoll_camp, grums_kennel, gnoll_camp_huts_moat,
          gnoll_camp_mini_doghouse, gnoll_camp_mini_basic,
          gnoll_camp_mini_loothouse, uniq_maggie
D:9:      layout_basic, marbit_many_paths, serial_bayou, serial_bayou_shore_a,
          serial_bayou_ford_a, serial_bayou_pond_b, serial_bayou_pond_d,
          kennysheep_potato
D:10:     layout_basic, zombieorc2_lemuel, serial_shops, shop, enter_trove_6,
          hangedman_corner_corridor, uniq_grum, uniq_erolcha, uniq_urug
Temple:   eino_temple_lava

Skill      XL: |  1  2  3  4  5  6  7  8  9 10 11 |
---------------+----------------------------------+-----
Shields        | 4 5 7 9 10 | 10.1
Armour         | 4 5 6 7 8 9 |  9.5
Fighting       | 4 5 6 7 9 |  9.6
Long Blades    | 3 4 5 7 8 10 11 12 | 12.0
Dodging        | 1 2 4 5 |  5.7
Stealth        | 1 |  1.9
Invocations    | 2 3 |  3.0
Unarmed Combat | |  0.2
Evocations     | |  0.5

Action                     |  1- 3 |  4- 6 |  7- 9 | 10-12 || total
---------------------------+-------+-------+-------+-------++-------
  Melee: Long sword        |    72 |   124 |   338 |   149 ||   683
         Headbutt          |     5 |    16 |    64 |    48 ||   133
         Unarmed           |       |     1 |       |       ||     1
         Falchion          |       |       |       |    93 ||    93
 Invoke: Upheaval          |       |       |       |     1 ||     1
  Evoke: Wand              |       |       |     4 |       ||     4
    Use: Scroll            |       |     8 |    15 |       ||    23
         Potion            |       |     1 |     5 |     3 ||     9
   Stab: Distracted        |       |       |       |     1 ||     1
 Armour: Scale mail        |    35 |    49 |       |       ||    84
         Ring mail         |       |     7 |   108 |       ||   115
         Chain mail        |       |       |    35 |    68 ||   103
  Dodge: Dodged            |    32 |    63 |   144 |    80 ||   319
         Repelled          |       |       |     1 |     1 ||     2
  Block: Buckler           |    20 |    26 |    30 |       ||    76
         Kite shield       |       |       |   184 |   233 ||   417
